 Dungeon Crawl Stone Soup version 0.13.0-59-g13bd910 (webtiles) character file.

11553 Lilouch the Thaumaturge (level 11, -3/71 HPs)
             Began as a Mummy Fire Elementalist on Nov 22, 2013.
             Was an Elder of Vehumet.
             Slain by a spectral orc knight
             ... wielding a -1,+2 orcish war axe
             ... summoned by Nergalle
              (9 damage)
             ... on Level 1 of the Lair of Beasts.
             The game lasted 02:03:56 (15364 turns).

Lilouch the Thaumaturge (Mummy Fire Elementalist)  Turns: 15364, Time: 02:03:56

HP  -3/71        AC  9     Str 11      XL: 11   Next: 42%
MP  14/30        EV 11     Int 20      God: Vehumet [****..]
Gold 650         SH  8     Dex 12      Spells:  7 memorised, 15 levels left

Res.Fire  : . . .   See Invis. : .   U - +2 elf dagger (elec)
Res.Cold  : . . .   Warding    : .   V - +1 elf robe
Life Prot.: + + +   Conserve   : .   m - +0 buckler
Res.Poison: +       Res.Corr.  : .   v - +1 wizard hat {Int+3}
Res.Elec. : .       Clarity    : .   O - +0 cloak
Sust.Abil.: . .     Spirit.Shd : .   F - +0 pair of gauntlets
Res.Mut.  : .       Stasis     : .   o - +2 pair of dwarf boots
Res.Rott. : +       Flight     : .   (no amulet)
Saprovore : . . .                    a - ring of fire
                                     I - cursed ring of hunger

@: somewhat resistant to hostile enchantments, stealthy
A: no food or potions, fire vulnerability, restore body, cold resistance 1, life
protection 3, poison resistance, torment resistance, unbreathing
a: Renounce Religion


You were on level 1 of the Lair of Beasts.
You worshipped Vehumet.
Vehumet was greatly pleased with you.
You were not hungry.

You visited 3 branches of the dungeon, and saw 12 of its levels.

You collected 630 gold pieces.

Inventory:

Hand weapons
 s - a +2,+0 bow of frost
 A - a +4 elven blowgun
 B - a +0,+0 spear of dragon slaying
 N - a +1,+2 short sword of venom
 S - a +2,+2 dagger of freezing
 U - a +2,+2 elven dagger of electrocution (weapon)
 W - a +2,+0 elven dagger (quivered)
 Y - a +4,+4 dagger of chaos
Missiles
 j - 15 arrows of frost
 l - 46 poisoned needles
 n - 19 arrows
 H - 3 throwing nets
 P - 10 exploding darts
 R - 5 curare-tipped needles
Armour
 c - a +1 helmet
 m - a +0 buckler (worn)
 o - a +2 pair of dwarven boots (worn)
 v - a +1 wizard hat of intelligence (worn)
 F - a +0 pair of gauntlets (worn)
 O - a +0 cloak (worn)
 V - a +1 elven robe (worn)
Magical devices
 b - a wand of slowing (0)
 d - a wand of fireball (5) {unknown}
 e - a wand of confusion (11) {unknown}
 p - a wand of slowing (7)
 q - a wand of paralysis (10) {unknown}
 z - a wand of frost (17)
 G - a wand of frost (3)
 J - a wand of magic darts (11) {unknown}
 M - a wand of disintegration (11)
Scrolls
 h - 2 scrolls of recharging
 i - 3 scrolls of noise {unknown}
 k - a scroll of fear
 t - 7 scrolls of teleportation
 C - 4 scrolls of remove curse
 K - 3 scrolls of enchant weapon II
 Q - 3 scrolls of curse weapon {unknown}
 T - 3 scrolls of random uselessness {unknown}
Jewellery
 a - a ring of fire (right hand)
 g - an uncursed ring of flight
 u - an uncursed ring of positive energy {unknown}
 y - a +1 ring of dexterity
 I - a cursed ring of hunger (left hand)
Books
 X - a book of Minor Magic

   Spells                             Type                      Level
   *Magic Dart                        Conjuration                  1
   Blink                              Translocation                2
   Call Imp                           Summoning                    2
   Repel Missiles                     Charms/Air                   2
   Slow                               Hexes                        2
   *Conjure Flame                     Conjuration/Fire             3
   Mephitic Cloud                     Conjuration/Poison/Air       3
Magical staves
 D - an uncursed staff of wizardry
Miscellaneous
 r - a legendary deck of escape {drawn: 1}
Rods
 f - a +1 rod of demonology (14/14)
   (You found it on level 1 of the Lair of Beasts)
 Z - a +1 lightning rod (10/10)
   (You found it on level 1 of the Lair of Beasts)


   Skills:
 + Level 2.6 Fighting
 - Level 1.5 Dodging
 + Level 4.1 Stealth
 - Level 2.0 Shields
 - Level 12.0 Spellcasting
 + Level 5.9 Conjurations
 + Level 6.2 Fire Magic
 + Level 3.2 Air Magic
 - Level 2.2 Evocations


You had 15 spell levels left.
You knew the following spells:

 Your Spells              Type           Power        Failure   Level  Hunger
a - Flame Tongue          Conj/Fire      #####        1%          1    N/A
b - Throw Flame           Conj/Fire      ######       1%          2    N/A
c - Conjure Flame         Conj/Fire      ######..     1%          3    N/A
d - Magic Dart            Conj           ####         1%          1    N/A
e - Sticky Flame          Conj/Fire      ######..     1%          4    N/A
f - Fireball              Conj/Fire      ######....   4%          5    N/A
g - Static Discharge      Conj/Air       ####....     1%          3    N/A

Dungeon Overview and Level Annotations

Branches:
Dungeon (9/27)             Temple (1/1) D:5            Lair (2/8) D:9
    Orc: D:6-11

Altars:
Ashenzari
Cheibriados
Elyvilon
Fedhas
Kikubaaqudgha
Makhleb
Nemelex Xobeh
Okawaru
Sif Muna
Trog
Vehumet
Xom
Yredelemnul
Zin
the Shining One

Shops:
D:5 *   D:7 [

Annotations:
Lair:1 Erica


Innate Abilities, Weirdness & Mutations

You do not eat or drink.
Your flesh is vulnerable to fire.
Your flesh is cold resistant.
You are immune to negative energy.
Your system is resistant to poisons.
You are immune to unholy pain and torment.
You can survive without breathing.


Message History

Aiming: Fireball
Press: ? - help, Shift-Dir - straight line You feel a surge of power!
The fireball explodes!
The fireball engulfs the spectral orc warrior.
You destroy the spectral orc warrior!
The fireball engulfs the spectral orc knight.
The spectral orc knight is lightly damaged.
Casting: Fireball
Confirm with . or Enter, or press ? or * to list all spells.
Aiming: Fireball
Press: ? - help, Shift-Dir - straight line, f - spectral orc knight
Aim: a spectral orc knight, wielding an orcish war axe and wearing an orcish plate armour (lightly damaged, summoned)
You feel a surge of power!
The fireball explodes!
The fireball engulfs the spectral orc knight.
The spectral orc knight is moderately damaged.
The fireball engulfs the spectral orc warrior.
The spectral orc warrior is heavily damaged.
There is a stone staircase leading down here.
The spectral orc knight hits you with an orcish war axe!
You die...

### ###.........#
####.###...........#
#.##...............%
##....!...........%%
#................#P
#...............###
#...............#
#......>.......##
#.@....[....#f.#
#.>W........####
#..W.......##
#..........#
#.........##
##.........#
#..........##
##.........#
#..........#


You could see a spectral orc knight and a spectral orc warrior.

Vanquished Creatures
  Gastronok (Lair:1)
  A hydra (Lair:1)
  The ghost of Chiseanne the Covert, an experienced OpAr of Nemelex Xobeh (D:9)
  Nergalle (Lair:1)
  The ghost of LLama the Carver, an experienced DgIE (Lair:1)
  Maurice (D:9)
  2 spiny frogs (Lair:1)
  Psyche (D:9)
  A komodo dragon (Lair:1)
  2 hippogriffs
  Eustachio (D:6)
  A hungry ghost (D:7)
  Edmund (D:6)
  Menkaure (D:4)
  2 manticores
  An orc warrior (D:8)
  5 ice beasts
  2 porcupines
  6 ogres
  A black bear (D:9)
  5 sky beasts
  4 centaurs
  Sigmund (D:6)
  Duvessa (D:6)
  A water moccasin (Lair:1)
  3 giant slugs (D:9)
  Blork the orc (D:8)
  8 giant frogs
  2 agate snails
  2 yak skeletons
  Dowan (D:6)
  3 crimson imps
  A goliath beetle (D:6)
  2 quasits
  8 hounds
  2 jellies (D:8)
  5 scorpions
  Crazy Yiuf (D:4)
  3 orc priests
  9 orc wizards
  2 iguanas
  2 spectral orcs
  6 worker ants
  An ogre skeleton (D:8)
  A mottled dragon skeleton (D:9)
  9 adders
  2 giant centipedes (Lair:1)
  5 gnolls
  17 green rats
  2 giant mites
  3 worms
  An ufetubus (D:5)
  An adder skeleton (D:5)
  3 giant eyeballs
  7 giant geckos
  2 oozes
  41 orcs
  2 ball pythons
  20 bats
  A bat zombie (D:5)
  7 giant cockroaches
  14 goblins
  12 hobgoblins
  15 jackals
  12 kobolds
  8 quokkas
  2 giant gecko zombies (D:5)
  5 giant newts
  A hobgoblin skeleton (D:4)
  A hobgoblin zombie (D:6)
  A kobold skeleton (D:7)
  An orc zombie (D:8)
  17 rats
  A fungus (D:9)
321 creatures vanquished.

Notes
Turn   | Place    | Note
--------------------------------------------------------------
     0 | D:1      | Lilouch, the Mummy Fire Elementalist, began the quest for the Orb.
     0 | D:1      | Reached XP level 1. HP: 13/13 MP: 3/3
   214 | D:1      | Reached skill level 1 in Conjurations
   438 | D:1      | Reached XP level 2. HP: 13/19 MP: 0/4
  1249 | D:2      | Reached XP level 3. HP: 3/24 MP: 3/6
  1732 | D:2      | Learned a level 2 spell: Throw Flame
  1736 | D:2      | Learned a level 3 spell: Conjure Flame
  2021 | D:2      | Reached XP level 4. HP: 3/30 MP: 0/8
  2865 | D:2      | Reached skill level 3 in Spellcasting
  3427 | D:3      | HP: 1/30 [quasit (3)]
  3428 | D:3      | Reached XP level 5. HP: 1/35 MP: 0/11
  3807 | D:3      | Found a radiant altar of Vehumet.
  3808 | D:3      | Found a white marble altar of Elyvilon.
  3837 | D:3      | Found a sparkling altar of Nemelex Xobeh.
  3843 | D:3      | Found a glowing silver altar of Zin.
  3844 | D:3      | Found a blossoming altar of Fedhas.
  3846 | D:3      | Found an iron altar of Okawaru.
  3846 | D:3      | Found a deep blue altar of Sif Muna.
  3858 | D:3      | Became a worshipper of Vehumet
  4253 | D:3      | Found a burning altar of Makhleb.
  4541 | D:4      | Noticed Menkaure
  4546 | D:4      | Killed Menkaure
  4546 | D:4      | Reached skill level 1 in Shields
  4546 | D:4      | Reached skill level 4 in Spellcasting
  4546 | D:4      | Reached XP level 6. HP: 41/41 MP: 5/14
  5186 | D:4      | Reached XP level 7. HP: 25/46 MP: 7/17
  5298 | D:4      | Noticed an ogre
  5320 | D:4      | Killed an ogre
  5401 | D:4      | Noticed Crazy Yiuf
  5433 | D:4      | Killed Crazy Yiuf
  5433 | D:4      | Acquired Vehumet's first power
  5433 | D:4      | Offered knowledge of Magic Dart by Vehumet.
  5443 | D:4      | Reached skill level 5 in Spellcasting
  5455 | D:4      | Learned a level 1 spell: Magic Dart
  5460 | D:4      | Learned a level 4 spell: Sticky Flame
  5466 | D:4      | Learned a level 5 spell: Fireball
  6065 | D:5      | Entered Level 5 of the Dungeon
  6069 | D:5      | Paralysed by a giant eyeball for 2 turns
  6529 | D:5      | Found Ynlacach's Assorted Antiques.
  6702 | D:5      | Found a staircase to the Ecumenical Temple.
  6986 | D:5      | Offered knowledge of Sandblast by Vehumet.
  7286 | D:5      | Reached XP level 8. HP: 52/52 MP: 15/20
  7444 | Temple   | Entered the Ecumenical Temple
  7511 | D:5      | Reached skill level 6 in Spellcasting
  7642 | D:6      | Noticed Sigmund
  7642 | D:6      | Noticed Eustachio
  7682 | D:6      | Killed Sigmund
  8041 | D:6      | Killed Eustachio
  8439 | D:6      | Noticed Edmund
  8457 | D:6      | Reached skill level 7 in Spellcasting
  8464 | D:6      | Killed Edmund
  8521 | D:6      | Offered knowledge of Static Discharge by Vehumet.
  8528 | D:6      | Learned a level 3 spell: Static Discharge
  8794 | D:6      | Reached skill level 5 in Fire Magic
  9029 | D:6      | Acquired Vehumet's second power
  9070 | D:6      | Reached XP level 9. HP: 57/57 MP: 18/23
  9137 | D:6      | Noticed Duvessa
  9137 | D:6      | Noticed Dowan
  9141 | D:6      | Killed Duvessa
  9141 | D:6      | Reached skill level 1 in Air Magic
  9145 | D:6      | Killed Dowan
  9483 | D:7      | Reached skill level 1 in Evocations
  9721 | D:7      | Offered knowledge of Iskenderun's Mystic Blast by Vehumet.
  9733 | D:7      | Found Udoynn's Antique Armour Boutique.
 10246 | D:8      | Reached skill level 5 in Conjurations
 10886 | D:8      | Acquired Vehumet's third power
 10924 | D:8      | Noticed Blork the orc
 10931 | D:8      | Killed Blork the orc
 10932 | D:8      | Reached skill level 8 in Spellcasting
 10978 | D:8      | Paralysed by a giant eyeball for 3 turns
 11091 | D:8      | Offered knowledge of Iskenderun's Battlesphere by Vehumet.
 11342 | D:8      | Paralysed by a giant eyeball for 2 turns
 11592 | D:8      | Reached skill level 9 in Spellcasting
 11707 | D:8      | Reached XP level 10. HP: 63/63 MP: 23/26
 11914 | D:9      | Noticed Maurice
 11939 | D:9      | Killed Maurice
 11994 | D:9      | Found a staircase to the Lair.
 12010 | D:9      | Offered knowledge of Bolt of Fire by Vehumet.
 12058 | D:9      | Reached skill level 10 in Spellcasting
 12272 | D:9      | Noticed Chiseanne's ghost (experienced OpAr)
 12284 | D:9      | Killed Chiseanne's ghost
 12631 | D:9      | Reached skill level 11 in Spellcasting
 12996 | D:9      | Noticed Psyche
 13003 | D:9      | Killed Psyche
 13460 | Lair:1   | Entered Level 1 of the Lair of Beasts
 13544 | Lair:1   | Noticed LLama's ghost (experienced DgIE)
 13829 | Lair:1   | Reached skill level 12 in Spellcasting
 14040 | Lair:1   | Noticed Gastronok
 14055 | Lair:1   | Killed Gastronok
 14055 | Lair:1   | Reached skill level 1 in Fighting
 14055 | Lair:1   | Reached XP level 11. HP: 37/70 MP: 14/30
 14547 | Lair:1   | Noticed Erica
 14749 | Lair:1   | Killed LLama's ghost
 14911 | Lair:1   | Noticed a seven-headed hydra
 14926 | Lair:1   | Killed a seven-headed hydra
 15223 | Lair:1   | Noticed Nergalle
 15336 | Lair:1   | Killed Nergalle
 15364 | Lair:1   | Slain by a spectral orc knight

Action                   |  1- 3 |  4- 6 |  7- 9 | 10-12 || total
-------------------------+-------+-------+-------+-------++-------
Melee: Unarmed           |     1 |       |       |       ||     1
       Dagger            |     3 |    73 |   254 |    15 ||   345
       Spear             |       |    29 |   118 |       ||   147
       Staff             |       |       |     2 |     1 ||     3
       Short sword       |       |       |       |    93 ||    93
 Fire: Sling             |    30 |    10 |       |       ||    40
       Bow               |       |       |     1 |       ||     1
Throw: Dagger            |    13 |    73 |     2 |       ||    88
       Stone             |     2 |       |       |       ||     2
       Spear             |       |     4 |       |       ||     4
 Cast: Flame Tongue      |    63 |    93 |   251 |   182 ||   589
       Conjure Flame     |     1 |    11 |    42 |    25 ||    79
       Throw Flame       |       |     2 |    13 |     9 ||    24
       Magic Dart        |       |       |    37 |     4 ||    41
       Fireball          |       |       |    14 |    23 ||    37
       Sticky Flame      |       |       |    10 |     9 ||    19
       Static Discharge  |       |       |     4 |     1 ||     5
Evoke: Wand              |       |       |     1 |       ||     1
       Deck              |       |       |       |     1 ||     1
  Use: Scroll            |       |     2 |     9 |     4 ||    15
 Stab: Sleeping          |       |       |     2 |       ||     2
